 Dungeon Crawl Stone Soup version 0.28.0 (webtiles) character file.

Game seed: 10770172168959890557

11 Dani the Skirmisher (level 2, -5/27 HPs)
             Began as a Minotaur Fighter on Feb 20, 2022.
             Killed by nerve-wracking pain
             ... invoked by Jessica
              (10 damage)
             ... on level 3 of the Dungeon.
             The game lasted 00:00:36 (269 turns).

Dani the Skirmisher (Minotaur Fighter)               Turns: 269, Time: 00:00:37

Health: -5/27      AC:  7    Str: 20    XL:     2   Next: 17%
Magic:  1/1        EV:  9    Int:  5    God:
Gold:   51         SH:  4    Dex:  9    Spells: 1/1 levels left

rFire   . . .      SeeInvis .   a - +0 war axe
rCold   . . .      Faith    .   c - +0 buckler
rNeg    . . .      Spirit   .   b - +0 scale mail
rPois   .          Reflect  .   (helmet restricted)
rElec   .          Harm     .   (no cloak)
rCorr   .          Rampage  .   (no gloves)
Will    .....                   (no boots)
Stlth   ..........              (no amulet)
HPRegen 0.09/turn               (no ring)
MPRegen 0.07/turn               (no ring)

@: no status effects
A: horns 2, retaliatory headbutt
a: no special abilities


You were on level 3 of the Dungeon.
You visited 1 branch of the dungeon, and saw 3 of its levels.

You collected 51 gold pieces.

Inventory:

Hand Weapons
 a - a +0 war axe (weapon)
Armour
 b - a +0 scale mail (worn)
 c - a +0 buckler (worn)
Scrolls
 e - a scroll of fog {unknown}
 f - a scroll of identify {unknown}
Potions
 d - a potion of might


   Skills:
 + Level 3.8 Fighting
 * Level 2.9 Axes
 + Level 3.7 Armour
 + Level 0.4 Dodging
 + Level 3.7 Shields


You had one spell level left.
You didn't know any spells.
Your spell library was empty.

Dungeon Overview and Level Annotations

Branches:
Dungeon (3/15)

Altars:

Annotations:
D:3 Jessica


Innate Abilities, Weirdness & Mutations

You have a pair of horns on your head.
You reflexively headbutt those who attack you in melee.


Message History

A frilled lizard is nearby!
You miss the frilled lizard.
Your headbutt misses the frilled lizard.
The frilled lizard closely misses you.
Unknown command.
A frilled lizard is nearby!
You completely miss the frilled lizard. You headbutt the frilled lizard.
You kill the frilled lizard!
Unknown command.
Key pressed, stopping explore.
No target in view!
Unknown command.
HP restored.
Key pressed, stopping explore.
No target in view!
There is a large open door here.
You see here a ball python corpse.
Key pressed, stopping explore.
No target in view!
A quokka comes into view.
A quokka is nearby!
A quokka is nearby!
You hit the quokka.
You kill the quokka!
You have reached level 2!
Key pressed, stopping explore.
Found a stone staircase leading down.
A quokka comes into view.
The quokka moves out of view.
You closely miss the quokka.
The quokka bites you but does no damage.
You miss the quokka. The quokka closely misses you.
The quokka bites you but does no damage.
You hit the quokka.
The quokka is heavily wounded.
The quokka bites you but does no damage. x2
You slash the quokka!
You kill the quokka!
No target in view!
You can't go down here!
There is a stone staircase leading down here.
You climb downwards.
The hobgoblin shouts!
Found 11 stones.
There is a stone staircase leading up here.
A hobgoblin is nearby!
A hobgoblin is nearby!
Jessica the Apprentice Sorceress comes into view.
She is wielding a +0 dagger.
The hobgoblin hits you but does no damage.
Jessica points at you and mumbles some strange words.
Pain shoots through your body!
* * * LOW HITPOINT WARNING * * *
You hit the hobgoblin.
The hobgoblin is heavily wounded.
The hobgoblin closely misses you.
There are monsters nearby!
You barely miss the hobgoblin.
The hobgoblin is heavily wounded.
You block the hobgoblin's attack. Jessica gestures at you while chanting.
Pain shoots through your body!
* * * LOW HITPOINT WARNING * * *
There are monsters nearby!
You slash the hobgoblin!
You kill the hobgoblin!
You hit Jessica.
Jessica looks very angry.
Jessica barely misses you.
Jessica is nearby!
Jessica is nearby!
You hit Jessica.
Jessica is heavily wounded.
Jessica points at you and mumbles some strange words.
Pain shoots through your body!
* * * LOW HITPOINT WARNING * * *
You are too injured to fight recklessly!
Jessica is nearby!
You are too injured to fight recklessly!
Jessica is nearby!
You are too injured to fight recklessly!
Jessica is nearby!
You are too injured to fight recklessly!
Jessica is nearby!
You are too injured to fight recklessly!
Okay, then.
You barely miss Jessica.
Jessica is heavily wounded.
Jessica hits you with a +0 dagger.
* * * LOW HITPOINT WARNING * * *
Jessica barely misses you.
You closely miss Jessica. You headbutt Jessica, but do no damage.
Jessica is heavily wounded.
An adder comes into view.
Jessica hits you with a +0 dagger.
* * * LOW HITPOINT WARNING * * *
You hit Jessica.
Jessica is severely wounded.
Jessica gestures at you while chanting. Pain shoots through your body!
You die...

..... ###.#.#
#.#.#.# # #
#.#.#.#.###
.###.##(#.#.#...
...............
###.##<#.#.#.####
..........@†......
..........#@#.####
#.##S##.#.#.# #.
#####.# . .. # .#
.# .#


You could see an adder and Jessica.

Vanquished Creatures
  A dart slug (D:1)
  2 ball pythons
  A hobgoblin (D:3)
  A kobold (D:1)
  2 quokkas (D:2)
  2 frilled lizards
9 creatures vanquished.

Notes
Turn   | Place    | Note
-------+----------+-------------------------------------------
     0 | D:1      | Dani the Minotaur Fighter began the quest for the Orb.
     0 | D:1      | Reached XP level 1. HP: 19/19 MP: 0/0
   233 | D:2      | Reached XP level 2. HP: 27/27 MP: 1/1
   262 | D:3      | Noticed Jessica
   268 | D:3      | HP: 5/27 [Jessica (3)]
   269 | D:3      | Killed from afar by Jessica

Illustrated notes

Levels and vault maps discovered:
D:1:      lightli_arrival_statuegarden, layout_basic,
          shapermc_ecumenical_altar_totnotflames, supply_closet_lemuel
D:2:      layout_basic, serial_shops, nicolae_shop_trees
D:3:      layout_basic, uniq_jessica

Action                   || total
-------------------------++-------
Melee: War axe           ||    29
       Headbutt          ||     3
Armor: Scale mail        ||    11
Dodge: Dodged            ||    12
Block: Buckler           ||     6

Table legend: (Time is in decaauts)
 A = Elapsed time spent in this place.
 B = Non-inter-level travel time spent in this place.
 C = Inter-level travel time spent in this place.
 D = Time resting spent in this place.
 E = Time spent auto-exploring this place.
 F = Levels seen in this place.
 G = Mean time per level.
                   A        B        C        D        E       F      G
               +--------+--------+--------+--------+--------+-----+--------+
         Total |    279 |    274 |      5 |      0 |    190 |   3 |   93.0 |
       Dungeon |    279 |    274 |      5 |      0 |    190 |   3 |   93.0 |
               +--------+--------+--------+--------+--------+-----+--------+

Top non-repeatable levels by time:
     D:1: 134 daAuts
     D:2: 133 daAuts
     D:3: 11 daAuts

Table legend:
 A = Kills in this place as a percentage of kills in entire the game.
 B = Kills by you in this place as a percentage of kills by you in the entire game.
 C = Kills by friends in this place as a percentage of kills by friends in the entire game.
 D = Other kills in this place as a percentage of other kills in the entire game.
 E = Experience gained in this place as a percentage of experience gained in the entire game.
 F = Experience gained in this place divided by the number of levels of this place that you have seen.
                   A       B       C       D       E      F
               +-------+-------+-------+-------+-------+----------------------
         Total | 100.0 | 100.0 |   N/A |   N/A | 100.0 |   5.7
       Dungeon | 100.0 | 100.0 |   N/A |   N/A | 100.0 |   5.7
               +-------+-------+-------+-------+-------+----------------------
